 Dungeon Crawl Stone Soup version 0.32-a0-599-gba8f9cf90e (webtiles) character file.

Game seed: 9118899553216983378

1128 ezpacito the Trooper (level 8, -5/61 HPs)
             Began as a Coglin Chaos Knight on Mar 2, 2024.
             Was a Plaything of Xom.
             Slain by an ogre
             ... wielding a +0 giant club
              (15 damage)
             ... on level 6 of the Dungeon.
             The game lasted 00:05:55 (4210 turns).

ezpacito the Trooper (Coglin Chaos Knight)          Turns: 4210, Time: 00:05:55

Health: -5/61      AC: 12    Str: 14      XL:     8   Next: 35%
Magic:  10/10      EV:  8    Int: 10      God:    Xom [..*...]
Gold:   240        SH:  0    Dex: 17 (18) Spells: 10/10 levels left

rFire   . . .        a - +1 hand axe (chaos) {Caihong}
rCold   . . .        f - +0 spear {Ishpreet}
rNeg    . . .        d - +1 chain mail
rPois   .            (no helmet)
rElec   .            e - +0 cloak
rCorr   .            l - +0 pair of gloves
SInv    .            (no boots)
Will    +....        (amulet unavailable) Stlth
                     (ring unavailable)
HPRegen 0.30/turn    (ring unavailable)
MPRegen 0.12/turn    (no gizmo)

%: clarity
@: revved
A: off-hand wielding, slow wielding, warmup strikes, no jewellery, agile 1,
clarity, strong-willed 1
a: Invent Gizmo, Renounce Religion


You were on level 6 of the Dungeon.
You worshipped Xom.
You were a toy of Xom.
You visited 1 branch of the dungeon, and saw 6 of its levels.

You collected 240 gold pieces.

Inventory:

Hand Weapons
 a - a +1 hand axe of chaos (weapon) {Caihong}
 f - a +0 spear (offhand) {Ishpreet}
Missiles
 h - 13 poisoned darts
 o - 5 darts of dispersal
 p - 6 atropa-tipped darts
Armour
 d - a +1 chain mail (worn)
 e - a +0 cloak (worn)
 i - a +0 plate armour
 l - a +0 pair of gloves (worn)
 u - a +0 pair of boots
Wands
 b - a wand of paralysis (10)
 s - a wand of flame (4)
Scrolls
 c - a scroll of butterflies
 g - 2 scrolls of fear
 j - a scroll of silence {unknown}
 k - a scroll of vulnerability {unknown}
 n - 3 scrolls of noise
 r - a scroll of torment {unknown}
 t - a scroll of immolation
Potions
 m - a potion of attraction


   Skills:
 * Level 4.8 Fighting
 * Level 4.6(4.9) Axes
 + Level 2.1(3.4) Polearms
 * Level 3.6 Armour
 * Level 3.5 Dodging
 + Level 2.1 Stealth
 + Level 2.1 Unarmed Combat
 + Level 1.7 Spellcasting
 * Level 3.5 Evocations


You had 10 spell levels left.
You didn't know any spells.
Your spell library contained the following spells:

 Spells                   Type           Power      Damage    Failure   Level
 Apportation              Tloc           0%         N/A       99%         1
 Magic Dart               Conj           0%         1d3       99%         1
 Necrotise                Necr           0%         1d4       99%         1
 Sting                    Conj/Alch      0%         1d3       99%         1
 Summon Small Mammal      Summ           0%         N/A       99%         1
 Blink                    Tloc           0%         N/A       100%        2
 Call Imp                 Summ           0%         N/A       100%        2


Dungeon Overview and Level Annotations

Branches:
Dungeon (6/15)
 Temple: D:4-7

Altars:
Nemelex Xobeh
Uskayaw


Innate Abilities, Weirdness & Mutations

You can wield a second weapon in your off-hand.
It takes a long time for you to wield or remove held weapons.
Your first few attacks do less damage.
You cannot equip rings or amulets.
You are agile. (Dex +4, Str/Int -1)
You possess an exceptional clarity of mind.
You are strong-willed. (Will+)


Message History

The ogre shouts!
An ogre is nearby!
You reach to attack!
You hit the ogre with your +0 spear.
The ogre is lightly wounded.
You barely miss the ogre with your +1 hand axe of chaos.
The ogre is lightly wounded.
You hit the ogre with your +0 spear.
You completely miss the ogre with your +0 spear.
The ogre is moderately wounded.
You barely miss the ogre with your +1 hand axe of chaos.
The ogre hits you with a +0 giant club!!
You take 23 damage, and have 38/61 hp.
MASSIVE DAMAGE!!
You are too injured to fight recklessly!
You are too injured to fight recklessly!
You are too injured to fight recklessly!
You are too injured to fight recklessly!
You are too injured to fight recklessly!
It was a potion of magic.
Magic courses through your body.
Xom thinks this is hilarious!
The ogre hits you with a +0 giant club!
You take 15 damage, and have 23/61 hp.
MASSIVE DAMAGE!!
You completely miss the ogre with your +1 hand axe of chaos.
The ogre is moderately wounded.
You hit the ogre with your +0 spear. You hit the ogre with your +0 spear.
The ogre is heavily wounded.
You hit the ogre with your +1 hand axe of chaos.
You freeze the ogre. The ogre barely misses you.
You barely miss the ogre with your +1 hand axe of chaos.
The ogre is heavily wounded.
You hit the ogre with your +0 spear. The ogre hits you with a +0 giant club!
* * * LOW HITPOINT WARNING * * *
You take 15 damage, and have 9/61 hp.
MASSIVE DAMAGE!!
You hit the ogre with your +0 spear.
The ogre is severely wounded.
You closely miss the ogre with your +1 hand axe of chaos.
You hit the ogre with your +0 spear.
The ogre is severely wounded.
You hit the ogre but do no damage. The ogre hits you with a +0 giant club!
You die...

.# ###.#
..#.# #
##$#.# #.
....#
#..###...#
#...O@...####
#.###.......+
#.##.....####
#.......##
####.#### #<#
#.# #.# #.#


You could see an ogre.

Vanquished Creatures
  An orc warrior (D:4)
  A centaur (D:5)
  A phantom (D:5)
  2 bullfrogs (D:5)
  A scorpion (D:5)
  2 howler monkeys
  A bombardier beetle (D:5)
  5 hounds
  3 jellies (D:5)
  An orc priest (D:5)
  Terence (D:3)
  3 orc wizards (D:5)
  2 iguanas (D:4)
  5 adders
  2 shadow imps (D:5)
  5 dart slugs
  3 ribbon worms
  10 orcs
  6 ball pythons
  3 bats
  7 endoplasms
  2 giant cockroaches (D:2)
  5 goblins
  6 hobgoblins
  6 jackals
  3 quokkas
  3 frilled lizards
  2 kobolds (D:1)
  6 rats
98 creatures vanquished.

Notes
Turn   | Place    | Note
-------+----------+-------------------------------------------
     0 | D:1      | ezpacito the Coglin Chaos Knight began the quest for the
                  | Orb.
     0 | D:1      | Reached XP level 1. HP: 18/18 MP: 1/1
     7 | D:1      | XOM: silly message
    35 | D:1      | Reached skill level 1 in Dodging
    39 | D:1      | XOM: silly message
   105 | D:1      | XOM: 11-stop teleportation journey
   121 | D:1      | Reached XP level 2. HP: 24/24 MP: 2/2
   281 | D:1      | Reached XP level 3. HP: 28/29 MP: 3/3
   283 | D:1      | XOM: 9-stop teleportation journey
  1000 | D:2      | Found a faded altar of an unknown god.
  1274 | D:3      | Noticed Terence
  1276 | D:3      | XOM: blink monster(s)
  1325 | D:3      | XOM: god gift: 33 gold pieces
  1331 | D:3      | XOM: cast spell 'Metabolic Englaciation'
  1336 | D:3      | Killed Terence
  1337 | D:3      | Reached XP level 4. HP: 19/35 MP: 4/4
  1403 | D:3      | XOM: give mutations
  1403 | D:3      | Gained mutation: You possess an exceptional clarity of
                  | mind. [Xom's grace]
  1403 | D:3      | Gained mutation: You are strong-willed. (Will+) [Xom's
                  | grace]
  1403 | D:3      | Gained mutation: You are agile. (Dex +4, Str/Int -1) [Xom's
                  | grace]
  1630 | D:3      | XOM: 1-stop teleportation journey
  1892 | D:3      | Reached skill level 1 in Stealth
  1892 | D:3      | Reached skill level 1 in Unarmed Combat
  1892 | D:3      | Reached XP level 5. HP: 33/41 MP: 5/5
  2012 | D:3      | XOM: god gift: scroll labelled MYGU FYC FASY {god gift}
  2262 | D:4      | Found a hide-covered altar of Uskayaw.
  2274 | D:4      | Reached skill level 1 in Polearms
  2445 | D:4      | XOM: divination: detect creatures
  2660 | D:4      | Found a sparkling altar of Nemelex Xobeh.
  2723 | D:4      | XOM: blink monster(s)
  2790 | D:4      | Reached XP level 6. HP: 48/48 MP: 7/7
  2893 | D:4      | Reached skill level 1 in Spellcasting
  2893 | D:4      | Reached skill level 1 in Evocations
  3016 | D:4      | XOM: god gift: ring of wizardry
  3077 | D:5      | Entered Level 5 of the Dungeon
  3078 | D:5      | Noticed an orc warrior
  3159 | D:4      | XOM: blink monster(s)
  3166 | D:4      | Killed an orc warrior
  3240 | D:5      | Reached XP level 7. HP: 54/54 MP: 8/8
  3527 | D:5      | Reached XP level 8. HP: 44/61 MP: 10/10
  3530 | D:5      | XOM: polymorph orc -> hound
  3588 | D:5      | XOM: summons 4 hostile demons
  3592 | D:5      | XOM: cloud trail
  3768 | D:5      | XOM: cloud trail
  3925 | D:5      | XOM: scenery: 1 doors close
  3956 | D:5      | XOM: smoke on damage
  4210 | D:6      | Slain by an ogre

Illustrated notes

Levels and vault maps discovered:
D:1:      dpeg_arrival_court, layout_basic
D:2:      layout_rooms, shapermc_ecumenical_altar_mp_urbaneastern
D:3:      layout_loops_ring, cheibrodos_sewer_entry_bend, uniq_terence
D:4:      layout_basic, nicolae_overflow_hidden_temple
D:5:      minmay_diamond_boxcup, layout_basic
D:6:      nicolae_cairo_tiling_large, layout_loops_corners,
          gammafunk_ghost_split, corexii_shack, uniq_prince_ribbit1

Skill      XL: |  1  2  3  4  5  6  7  8 |
---------------+-------------------------+-----
Dodging        | 1 2 3 |  3.5
Armour         | 2 3 |  3.6
Stealth        | 1 2 |  2.1
Unarmed Combat | 1 2 |  2.1
Polearms       | 1 2 |  2.1
Spellcasting   | 1 |  1.7
Evocations     | 2 3 |  3.5
Fighting       | 4 |  4.8
Axes           | 4 |  4.6

Action                     |  1- 3 |  4- 6 |  7- 9 || total
---------------------------+-------+-------+-------++-------
  Melee: Dagger            |    10 |       |       ||    10
         Hand axe          |    74 |   108 |   120 ||   302
         Spear             |    76 |   116 |   123 ||   315
    Use: Potion            |     4 |     1 |     2 ||     7
         Scroll            |     2 |     7 |       ||     9
   Stab: Sleeping          |     3 |       |       ||     3
         Paralysed         |       |     2 |       ||     2
 Armour: Leather armour    |    33 |     1 |       ||    34
         Skin              |     8 |       |       ||     8
         Chain mail        |       |    77 |   194 ||   271
  Dodge: Dodged            |    53 |    35 |    57 ||   145

Table legend: (Time is in decaauts)
 A = Elapsed time spent in this place.
 B = Non-inter-level travel time spent in this place.
 C = Inter-level travel time spent in this place.
 D = Time resting spent in this place.
 E = Time spent auto-exploring this place.
 F = Levels seen in this place.
 G = Mean time per level.
                   A        B        C        D        E       F      G
               +--------+--------+--------+--------+--------+-----+--------+
         Total |   4232 |   3911 |    321 |    205 |   2825 |   6 |  705.3 |
       Dungeon |   4232 |   3911 |    321 |    205 |   2825 |   6 |  705.3 |
               +--------+--------+--------+--------+--------+-----+--------+

Top non-repeatable levels by time:
     D:5: 1033 daAuts
     D:3: 950 daAuts
     D:4: 920 daAuts
     D:1: 780 daAuts
     D:2: 531 daAuts
     D:6: 15 daAuts
